 Dungeon Crawl Stone Soup version 0.29-a0-582-ge82337ba6a (webtiles) character file.

Game seed: 4354889473045399547

158 Nietzsche the Covered (level 5, -2/42 HPs)
             Began as a Barachi Fighter on June 15, 2022.
             Succumbed to an orc wizard's poison
             ... on level 3 of the Dungeon.
             The game lasted 00:12:38 (2403 turns).

Nietzsche the Covered (Barachi Fighter)             Turns: 2403, Time: 00:12:40

Health: -2/42      AC:  7    Str: 17    XL:     5   Next: 40%
Magic:  7/7        EV:  9    Int: 13    God:
Gold:   8          SH:  0    Dex: 11    Spells: 6/6 levels left

rFire   . . .      SeeInvis .   a - +0 flail
rCold   . . .      Faith    .   c - +0 buckler
rNeg    . . .      Spirit   .   u - +0 scale mail of Recklessness {Int+2}
rPois   .          Reflect  .   (no helmet)
rElec   .          Harm     .   (no cloak)
rCorr   .          Rampage  .   (no gloves)
Will    .....                   (no boots)
Stlth   ..........              h - amulet of the acrobat
HPRegen 0.14/turn               (no ring)
MPRegen 0.10/turn               (no ring)

@: confused, lethally poisoned (-2 -> -31), slow
A: amphibious, slowness 1, strong legs 1, +LOS
a: Hop


You were on level 3 of the Dungeon.
You visited 1 branch of the dungeon, and saw 3 of its levels.

You collected 78 gold pieces.
You spent 70 gold pieces at shops.

Inventory:

Hand Weapons
 a - a +0 flail (weapon)
 p - a +0 short sword of speed
Armour
 b - a +0 scale mail
 c - a +0 buckler (worn)
 u - the +0 scale mail of Recklessness (worn) {Int+2}
   (You found it on level 3 of the Dungeon)

   Int:       It affects your intelligence (+2).
Jewellery
 h - an amulet of the acrobat (around neck)
Wands
 s - a wand of digging (9)
Scrolls
 e - 5 scrolls of teleportation {unknown}
 g - 2 scrolls of vulnerability {unknown}
 j - 3 scrolls of identify {unknown}
 r - a scroll of enchant armour {unknown}
Potions
 d - a potion of might
 f - a potion of curing {unknown}
 i - a potion of cancellation {unknown}
 k - a potion of brilliance {unknown}
 l - a potion of ambrosia {unknown}
 m - 2 potions of degeneration {unknown}
 n - a potion of flight {unknown}
 o - a potion of magic {unknown}
 q - a potion of resistance {unknown}


   Skills:
 + Level 4.1 Fighting
 + Level 4.1 Maces & Flails
 + Level 4.5 Armour
 + Level 0.8 Dodging
 + Level 0.1 Stealth
 + Level 3.8 Shields
 * Level 1.3 Spellcasting


You had 6 spell levels left.
You didn't know any spells.
Your spell library contained the following spells:

 Spells                   Type           Power      Damage    Failure   Level
 Summon Small Mammal      Summ           0%         N/A       75%         1
 Call Canine Familiar     Summ           0%         N/A       98%         3
 Dazzling Flash           Conj/Hex       0%         N/A       98%         3
 Summon Guardian Golem    Hex/Summ       0%         N/A       98%         3
 Agony                    Necr           0%         N/A       100%        5
 Silence                  Hex/Air        0%         N/A       100%        5


Dungeon Overview and Level Annotations

Branches:
Dungeon (3/15)

Altars:
Dithmenos

Shops:
D:2 ==*!=


Innate Abilities, Weirdness & Mutations

You are amphibious.
You cover ground slowly.
You can hop short distances.
You have an extended range of vision and can be seen from far away.


Message History

The orc wizard flickers and vanishes!
You hear some strange, mumbled words.
Something tries to affect you, but you resist.
You sock something!
Reactivating autopickup.
You feel a bit more experienced.
Deactivating autopickup; reactivate with Ctrl-A.
You barely miss something. Something hits you but does no damage.
You are poisoned.
You hit something but do no damage.
You feel sick. Something hits you.
You are more poisoned.
Something completely misses you.
You feel very sick.
Unknown command.
You feel much better.
You feel sick.
You hear some strange, mumbled words.
You are confused.
You sock something!
You feel very sick. Something hits you.
You are more poisoned.
Something hits you.
You are lethally poisoned!
You bump into the rock wall.
You feel extremely sick. Something hits you but does no damage.
You are more poisoned.
You miss something.
* * * LOW HITPOINT WARNING * * *
You feel extremely sick.
You hear some strange, mumbled words.
You are more confused.
You miss something.
* * * LOW HITPOINT WARNING * * *
You feel extremely sick. Something hits you.
* * * LOW HITPOINT WARNING * * *
You are more poisoned.
You bump into the rock wall.
You die...

#........#.##....♣♣♣≈P♣
#..........#.#######♣♣≈.♣
#.........<#.# #♣≈.P♣
#....#######.#######.#.##
#.... #####...........##
...... #......oo.........
###### #)###########.....
#{# #.#### #@# ...$ #.#
#.!#... #.# #.)#.... #..
#. #..... ### # #.....
...... ##


There were no monsters in sight!

Vanquished Creatures
  A hound (D:2)
  An orc wizard (D:3)
  4 adders (D:2)
  3 dart slugs
  An orc (D:3)
  A ball python (D:1)
  6 bats
  5 endoplasms
  2 giant cockroaches
  6 hobgoblins
  3 jackals (D:1)
  4 quokkas
  3 frilled lizards (D:1)
  9 goblins
  3 kobolds
  6 rats
58 creatures vanquished.

Vanquished Creatures (others)
  A plant (D:3)
1 creature vanquished.

Grand Total: 59 creatures vanquished

Notes
Turn   | Place    | Note
-------+----------+-------------------------------------------
     0 | D:1      | Nietzsche the Barachi Fighter began the quest for the Orb.
     0 | D:1      | Reached XP level 1. HP: 18/18 MP: 1/1
    98 | D:1      | Reached XP level 2. HP: 24/25 MP: 2/2
   361 | D:1      | Found a faded altar of an unknown god.
   437 | D:1      | Reached XP level 3. HP: 30/30 MP: 3/3
  1068 | D:2      | Found Jumnianwe's Distillery.
  1195 | D:2      | Reached XP level 4. HP: 35/37 MP: 4/4
  1304 | D:2      | Found Ajywutem's Jewellery Shop.
  1570 | D:2      | Found Qixumuxi's Assorted Antiques.
  1605 | D:2      | Reached skill level 1 in Spellcasting
  1605 | D:2      | Reached XP level 5. HP: 29/42 MP: 6/6
  1697 | D:2      | Found Yledgh's Jewellery Boutique.
  1837 | D:2      | Found Meim's Jewellery Shop.
  2228 | D:2      | Bought a potion of heal wounds for 70 gold pieces
  2251 | D:3      | Found a shadowy altar of Dithmenos.
  2297 | D:3      | Identified the +0 scale mail of Recklessness {Int+2}
  2403 | D:3      | Succumbed to an orc wizard's poison

Illustrated notes

Levels and vault maps discovered:
D:1:      tarquinn_simple_flora_water_f, layout_loops_ring,
          ebering_ecumenical_altar_rust
D:2:      layout_basic, serial_shops, shop, shop, nicolae_shop_advertising_works
          [nicolae_subvault_shop_adworks], shop_fountains, shop,
          minmay_box_of_dots
D:3:      layout_basic, mainiacjoe_overflow_boulevard, grunt_dithmenos_smoke,
          nicolae_vehumet_altar_sigil, serial_bayou, serial_bayou_lagoon_b,
          serial_bayou_shore_b, serial_bayou_ford_a, serial_bayou_crossing

Skill      XL: |  1  2  3  4  5 |
---------------+----------------+-----
Armour         | 4 |  4.5
Maces & Flails | 3 4 |  4.1
Fighting       | 4 |  4.1
Spellcasting   | 1 |  1.3
Dodging        | |  0.8
Stealth        | |  0.1
Shields        | |  3.8

Action                   |  1- 3 |  4- 6 || total
-------------------------+-------+-------++-------
Melee: Flail             |   103 |    83 ||   186
  Use: Potion            |       |     1 ||     1
Armor: Scale mail        |    46 |    49 ||    95
Dodge: Dodged            |    65 |    53 ||   118
Block: Buckler           |    32 |    20 ||    52

Table legend: (Time is in decaauts)
 A = Elapsed time spent in this place.
 B = Non-inter-level travel time spent in this place.
 C = Inter-level travel time spent in this place.
 D = Time resting spent in this place.
 E = Time spent auto-exploring this place.
 F = Levels seen in this place.
 G = Mean time per level.
                   A        B        C        D        E       F      G
               +--------+--------+--------+--------+--------+-----+--------+
         Total |   2802 |   2802 |      0 |      0 |   1635 |   3 |  934.0 |
       Dungeon |   2802 |   2802 |      0 |      0 |   1635 |   3 |  934.0 |
               +--------+--------+--------+--------+--------+-----+--------+

Top non-repeatable levels by time:
     D:2: 1574 daAuts
     D:1: 1048 daAuts
     D:3: 179 daAuts
